 Dungeon Crawl Stone Soup version 0.31.0-12-g77e489cdc1 (webtiles) character file.

Game seed: 14812842813535088515

5198 Couri the Thaumaturge (level 10, -6/44 HPs)
             Began as a Spriggan Alchemist on Feb 10, 2024.
             Was a Priest of Vehumet.
             Mangled by a yak (16 damage)
             ... on level 8 of the Dungeon on Feb 11, 2024.
             The game lasted 00:50:15 (10301 turns).

Couri the Thaumaturge (Spriggan Alchemist)         Turns: 10301, Time: 00:50:15

Health: -6/44      AC:  2    Str:  5    XL:     10   Next: 34%
Magic:  25/25      EV: 18    Int: 17    God:    Vehumet [***...]
Gold:   322        SH:  0    Dex: 21    Spells: 13/29 levels left

rFire   . . .        v - +0 arbalest (drain)
rCold   . . .        (shield currently unavailable)
rNeg    . . .        a - +0 robe
rPois   .            (helmet restricted)
rElec   .            (no cloak)
rCorr   .            (gloves unavailable)
SInv    +            (boots unavailable)
Will    +....        s - amulet of the acrobat
Stlth   +++          r - ring of wizardry
HPRegen 0.27/turn    (no ring)
MPRegen 0.19/turn

%: acrobat, wizardry (x1)
@: very quick
A: very small, no large weapons, unfitting armour, see invisible, speed 3,
talons 1, agile 1
a: Renounce Religion


You were on level 8 of the Dungeon.
You worshipped Vehumet.
Vehumet was most pleased with you.
You visited 1 branch of the dungeon, and saw 8 of its levels.

You collected 322 gold pieces.

Inventory:

Hand Weapons
 f - a +0 short sword of electrocution
 j - a +2 whip of flaming
 n - a +2 vampiric dagger
 v - a +0 arbalest of draining (weapon)
 w - a +2 flail of holy wrath
Missiles
 k - 7 throwing nets
 x - 14 poisoned darts
Armour
 a - a +0 robe (worn)
 u - a +0 buckler
Jewellery
 r - a ring of wizardry (left hand)
 s - an amulet of the acrobat (around neck)
Talismans
 d - a storm talisman
Wands
 e - a wand of iceblast (23)
 o - a wand of charming (18)
 q - a wand of flame (33)
Scrolls
 c - 5 scrolls of teleportation
 g - 2 scrolls of poison
 l - 2 scrolls of noise
 m - a scroll of enchant weapon {unknown}
Potions
 b - a potion of magic
 h - 2 potions of degeneration
 i - 4 potions of haste
 p - a potion of ambrosia {unknown}
 t - a potion of attraction
 z - 3 potions of curing
 A - a potion of resistance {unknown}
 B - 2 potions of enlightenment


   Skills:
 * Level 5.3 Ranged Weapons
 - Level 3.0 Dodging
 - Level 3.3 Stealth
 + Level 10.2 Spellcasting
 * Level 6.1 Conjurations
 - Level 10.0 Alchemy


You had 13 spell levels left.
You knew the following spells:

 Your Spells              Type           Power      Damage    Failure   Level
a - Sting                 Conj/Alch      100%       1d9       1%          1
b - Olgreb's Toxic Radia  Alch           42%        N/A       1%          4
c - Swiftness             Air            8%         N/A       11%         3
d - Fulminant Prism       Conj/Alch      18%        3d11      1%          4
e - Magic Dart            Conj           100%       1d8       1%          1
f - Volatile Blastmotes   Fire/Tloc      16%        2d11      3%          3

Your spell library contained the following spells:

 Spells                   Type           Power      Damage    Failure   Level
 Brom's Barrelling Bould  Conj/Erth      19%        2d4       2%          4
 Shock                    Conj/Air       76%        1d7       1%          1
 Mercury Vapours          Alch/Air       50%        N/A       1%          2
 Searing Ray              Conj           58%        2d6       1%          2
 Mephitic Cloud           Conj/Alch/Air  27%        N/A       1%          3
 Sticky Flame             Fire/Alch      25%        2d6       1%          4
 Airstrike                Air            4%         2d(1-17)  9%          4
 Call Canine Familiar     Summ           8%         N/A       11%         3
 Sigil of Binding         Hex            8%         N/A       11%         3
 Dimensional Bullseye     Hex/Tloc       4%         N/A       32%         4


Dungeon Overview and Level Annotations

Branches:
Dungeon (8/15)             Temple (0/1) D:4
   Lair: D:8-11

Altars:
Ashenzari
Dithmenos
Elyvilon
Kikubaaqudgha
Okawaru
Qazlal
Sif Muna
Uskayaw
Vehumet
Wu Jian
Xom
Yredelemnul
Zin

Shops:
D:1 =   D:8 !

Annotations:
D:3 1 runed translucent door, Crazy Yiuf


Innate Abilities, Weirdness & Mutations

You are very small and have problems with some larger weapons.
You are too small for most types of armour.
You have supernaturally acute eyesight. (SInv)
You cover ground extremely quickly. (Speed+++)
You have sharp toenails.
You are agile. (Dex +4, Str/Int -1)


Message History

A fulminant prism comes into view.
Your fulminant prism crackles loudly.
The wight hits your fulminant prism with a +0 dire flail!
Your fulminant prism explodes!
The blast of energy engulfs the wight.
The wight is lightly damaged.
Fire: v) +0 arbalest (drain)
Press: ? - help, Q - select action, (/) - cycle Shift-Dir - straight line, f - wight
Aim: a wight, wielding a +0 dire flail and wearing a +0 robe (lightly damaged, 59% to hit)
You shoot a bolt. The bolt barely misses the wight.
Casting: Fulminant Prism (safe; 1% risk of failure)
Confirm with . or Enter, or press ? or * to list all spells.
Aiming: Fulminant Prism (safe; 1% risk of failure)
Press: ? - help, Dir - move target, p - wight You conjure a prism of explosive energy!
A fulminant prism comes into view.
Your fulminant prism crackles loudly.
The wight hits your fulminant prism with a +0 dire flail.
Fire: v) +0 arbalest (drain)
Press: ? - help, Q - select action, (/) - cycle Shift-Dir - straight line, f - wight
Aim: a wight, wielding a +0 dire flail and wearing a +0 robe (lightly damaged, ally target, 59% to hit)
Okay, then.
Your fulminant prism explodes!
The blast of energy engulfs the wight!
You destroy the wight!
Vehumet accepts your kill.
You feel your power returning.
Things that are here:
a +0 dire flail; a +0 robe Magic restored.
Done exploring.
Done exploring.
There is a stone staircase leading down, spattered with blood here.
Okay, then.
You climb downwards.
The yak gores you! x3
* * * LOW HITPOINT WARNING * * *
The yak misses you.
There is a stone staircase leading up, spattered with blood here.
The yak gores you!
You die...

#.........#.....#...)...........
#.........#.....#.....z.........
#.........#.....#..Y...K........
#.........#.....#..YY.).....)...
#...###[..# #######.##K)..##.##
#######...####..####[##)#######
#....÷.....[.).'........
#.........Y....#........
#.....[....@...#...)....
##..##..###.Y.##........
#####..###...##......##
#.........##......#∩
#.........##......#
#.........#.....>.. #.........#
#)........# #..#.##...#


You could see 2 yaks.

Vanquished Creatures
  Pikel (D:7)
  Jeremiah (D:8)
  7 yaks
  A warg (D:8)
  A water moccasin (D:6)
  2 orc warriors (D:8)
  3 ice beasts
  A sky beast (D:6)
  2 wolves
  An ogre (D:5)
  3 centaurs (D:6)
  A lemure (D:6)
  A phantom (D:5)
  2 kobold brigands
  A bullfrog (D:8)
  3 gnoll sergeants (D:7)
  3 scorpions
  7 wights
  3 howler monkeys
  4 hounds
  3 jellies
  2 orc priests
  2 bombardier beetles (D:6)
  A gnoll bouda (D:7)
  Jessica (D:2)
  3 iguanas
  Ijyb (D:5)
  Terence (D:2)
  4 orc wizards
  2 sleepcaps (D:6)
  13 gnolls (D:7)
  14 adders
  A shadow imp (D:7)
  3 white imps
  6 dart slugs
  21 orcs
  12 endoplasms
  5 giant cockroaches
  6 goblins
  3 hobgoblins
  11 jackals
  A quokka (D:1)
  6 ball pythons
  6 bats
  4 frilled lizards
  22 kobolds
  7 rats
  A spectral hobgoblin (D:2)
210 creatures vanquished.

Vanquished Creatures (others)
  25 fulminant prisms
25 creatures vanquished.

Grand Total: 235 creatures vanquished

Notes
Turn   | Place    | Note
-------+----------+-------------------------------------------
     0 | D:1      | Couri the Spriggan Alchemist began the quest for the Orb.
     0 | D:1      | Reached XP level 1. HP: 9/9 MP: 5/5
   154 | D:1      | Reached XP level 2. HP: 13/13 MP: 0/6
   406 | D:1      | Reached skill level 1 in Conjurations
   688 | D:1      | Found Zixuemof's Jewellery Shoppe.
   884 | D:2      | Found a faded altar of an unknown god.
   998 | D:2      | Noticed Terence
  1028 | D:2      | Killed Terence
  1029 | D:2      | Reached XP level 3. HP: 16/16 MP: 3/8
  1300 | D:2      | Reached XP level 4. HP: 21/21 MP: 6/10
  1604 | D:2      | Found a white marble altar of Elyvilon.
  1604 | D:2      | Found an ornate altar of the Wu Jian Council.
  1604 | D:2      | Found a radiant altar of Vehumet.
  1604 | D:2      | Found a basalt altar of Yredelemnul.
  1604 | D:2      | Found a broken altar of Ashenzari.
  1604 | D:2      | Found a shimmering altar of Xom.
  2034 | D:2      | Noticed Jessica
  2040 | D:2      | Killed Jessica
  2041 | D:2      | Reached XP level 5. HP: 24/24 MP: 8/11
  2274 | D:2      | Reached skill level 5 in Alchemy
  2490 | D:2      | Became a worshipper of Vehumet
  2622 | D:2      | You fall into a shaft and drop 1 floor!
  3442 | D:3      | Found a runed translucent door.
  3443 | D:3      | Noticed Crazy Yiuf
  3628 | D:4      | Gained mutation: You are agile. (Dex +4, Str/Int -1)
                  | [potion of mutation]
  3628 | D:4      | Gained mutation: You have sharp toenails. [potion of
                  | mutation]
  3698 | D:4      | Found a stormy altar of Qazlal.
  3709 | D:4      | Reached * piety under Vehumet
  3709 | D:4      | Offered knowledge of Magic Dart by Vehumet.
  3719 | D:4      | Learned a level 4 spell: Olgreb's Toxic Radiance
  3854 | D:4      | Found a glowing silver altar of Zin.
  4025 | D:4      | Reached XP level 6. HP: 28/28 MP: 9/13
  4071 | D:4      | Found a staircase to the Ecumenical Temple.
  4526 | D:5      | Entered Level 5 of the Dungeon
  4526 | D:5      | Noticed a yak
  4526 | D:5      | Noticed a yak
  4526 | D:5      | Noticed a yak
  4526 | D:5      | Noticed a yak
  4547 | D:4      | Killed a yak
  4548 | D:4      | Reached skill level 5 in Spellcasting
  4588 | D:4      | Killed a yak
  4589 | D:4      | Reached XP level 7. HP: 27/32 MP: 4/16
  4691 | D:5      | Noticed Ijyb
  4826 | D:4      | Killed a yak
  4909 | D:5      | Found a shadowy altar of Dithmenos.
  4910 | D:5      | Killed a yak
  4998 | D:5      | Reached XP level 8. HP: 32/36 MP: 12/19
  5133 | D:5      | Killed Ijyb
  5943 | D:5      | Found a radiant altar of Vehumet.
  5943 | D:5      | Found an iron altar of Okawaru.
  6377 | D:6      | Reached ** piety under Vehumet
  6377 | D:6      | Offered knowledge of Foxfire by Vehumet.
  6378 | D:6      | Reached skill level 10 in Alchemy
  6408 | D:6      | Learned a level 3 spell: Swiftness
  6710 | D:6      | Learned a level 4 spell: Fulminant Prism
  6959 | D:6      | Reached XP level 9. HP: 11/39 MP: 16/22
  7836 | D:6      | Found a hide-covered altar of Uskayaw.
  7945 | D:6      | Found an ancient bone altar of Kikubaaqudgha.
  7946 | D:6      | Found a broken altar of Ashenzari.
  8194 | D:6      | Upgraded the game from 0.31.0-11-ge490571c62 to
                  | 0.31.0-12-g77e489cdc1
  8239 | D:6      | Learned a level 1 spell: Magic Dart
  8392 | D:7      | Found a shimmering blue altar of Sif Muna.
  8409 | D:7      | Noticed Pikel
  8438 | D:7      | Killed Pikel
  8567 | D:7      | Reached skill level 5 in Conjurations
  8649 | D:7      | Offered knowledge of Volatile Blastmotes by Vehumet.
  9550 | D:8      | Reached *** piety under Vehumet
  9558 | D:8      | Learned a level 3 spell: Volatile Blastmotes
  9739 | D:8      | Reached XP level 10. HP: 44/44 MP: 17/24
  9868 | D:8      | Noticed Jeremiah
  9881 | D:8      | Offered knowledge of Brom's Barrelling Boulder by Vehumet.
  9882 | D:8      | Reached skill level 10 in Spellcasting
  9894 | D:8      | Found Cax Vock's Distillery.
  9902 | D:8      | Killed Jeremiah
  9903 | D:8      | Reached skill level 5 in Ranged Weapons
 10301 | D:8      | Mangled by a yak

Illustrated notes

Levels and vault maps discovered:
D:1:      wander_arrival_fairy_ring, layout_basic, serial_shops,
          nicolae_shop_trees
D:2:      cheibrodos_fertilizer, layout_loops_cross,
          dreamdust_ecumenical_altar_drowned_temple, minmay_misc_feat_plants,
          amethyst_killhole, hangedman_decor_clover_reticule,
          lightli_corner_chamber, uniq_jessica, uniq_terence
D:3:      layout_loops_cross, kennysheep_generic_room_13,
          uniq_crazy_yiuf_cottage
D:4:      layout_cave_pools, lemuel_doored_altar, zin_treasury, temple_doors_e,
          nicolae_half_adder
D:5:      layout_basic, nicolae_dithmenos_shadow_blocks,
          amethyst_overflow_temple_binary, minmay_strange_pillars, uniq_ijyb
D:6:      layout_basic, nicolae_overflow_hidden_temple,
          minmay_stone_trees_small, hangedman_minor_gate_pass
D:7:      layout_cave_pools, mainiacjoe_overflow_24_doors, serial_gnoll_camp,
          gnoll_camp_mini_doghouse, gnoll_camp_mini_loothouse,
          gnoll_camp_medium_02, gnoll_camp_mini_hut, gnoll_camp_mini_hut,
          uniq_pikel
D:8:      layout_gridville, mainiacjoe_overflow_cross_hatched,
          erik_lair_orcish_takeover, serial_shops, nicolae_shop_window_shopping,
          nicolae_wooded_promenade, uniq_jeremiah

Skill      XL: |  1  2  3  4  5  6  7  8  9 10 |
---------------+-------------------------------+-----
Dodging        | 3 |  3.0
Spellcasting   | 3 4 5 6 8 9 10 | 10.2
Conjurations   | 1 3 5 6 |  6.1
Alchemy        | 4 5 7 8 10 | 10.0
Ranged Weapons | 4 5 |  5.3
Stealth        | |  3.3

Action                     |  1- 3 |  4- 6 |  7- 9 | 10-12 || total
---------------------------+-------+-------+-------+-------++-------
  Melee: Short sword       |     3 |    31 |       |       ||    34
         Kick              |       |     6 |    12 |       ||    18
         Punch             |       |     1 |     2 |       ||     3
         Dagger            |       |       |    27 |       ||    27
   Fire: Arbalest          |       |       |    51 |    18 ||    69
   Cast: Sting             |    63 |   150 |   206 |     8 ||   427
         Olgreb's Toxic Ra |       |     3 |    13 |     4 ||    20
         Fulminant Prism   |       |       |    15 |    10 ||    25
         Magic Dart        |       |       |     2 |     1 ||     3
         Volatile Blastmot |       |       |     1 |       ||     1
    Use: Scroll            |       |    12 |     3 |       ||    15
         Potion            |       |     1 |     4 |     1 ||     6
 Armour: Robe              |     2 |    13 |    51 |    13 ||    79
  Dodge: Dodged            |     9 |    48 |   102 |    19 ||   178
